 Dungeon Crawl Stone Soup version 0.23-a0-577-g2b1de94 (webtiles) character file.

363 Lanoc the Slasher (level 6, -1/38 HPs)
             Began as a Tengu Chaos Knight on Dec 15, 2018.
             Was a Plaything of Xom.
             Slain by an orc priest
             ... wielding a +0 mace
              (2 damage)
             ... on level 4 of the Dungeon.
             The game lasted 00:07:38 (2292 turns).

Lanoc the Slasher (Tengu Chaos Knight)              Turns: 2292, Time: 00:07:40

Health: -1/38      AC:  6    Str: 14    XL:     6   Next: 67%
Magic:  7/7        EV: 13    Int: 17    God:    Xom [....*.]
Gold:   200        SH:  0    Dex: 14    Spells: 5/5 levels left

rFire    . . .     SeeInvis .   a - +0 falchion (chaos)
rCold    . . .     Gourm    .   (no shield)
rNeg     . . .     Faith    .   b - +2 leather armour
rPois    .         Spirit   .   f - +1 hat
rElec    .         Reflect  .   (no cloak)
rCorr    .         Harm     .   (no gloves)
MR       .....                  (boots unavailable)
Stlth    +.........             (no amulet)
HPRegen  0.12/turn              e - ring of wizardry
MPRegen  0.10/turn              (no ring)

@: confused, brilliant
A: beak, talons 3, able to fly 1
a: Fly, Renounce Religion


You were on level 4 of the Dungeon.
You worshipped Xom.
You were a beloved toy of Xom.
You were not hungry.

You visited 1 branch of the dungeon, and saw 4 of its levels.
You also visited: Sewer.

You collected 200 gold pieces.

Inventory:

Hand Weapons
 a - a +0 falchion of chaos (weapon)
Armour
 b - a +2 leather armour (worn)
 f - a +1 hat (worn)
Jewellery
 e - a ring of wizardry (left hand)
 l - an uncursed ring of protection from magic
Scrolls
 g - a scroll of fog {unknown}
 i - a scroll of fear {unknown}
 j - 3 scrolls of remove curse
 n - 3 scrolls of blinking
 p - a scroll of enchant armour {unknown}
Potions
 k - a potion of heal wounds {unknown}
 m - a potion of resistance {unknown}
Comestibles
 c - 7 rations
 o - 6 chunks of flesh


   Skills:
 + Level 4.2 Fighting
 * Level 5.5 Long Blades
 + Level 3.8 Armour
 + Level 3.2 Dodging


You had 5 spell levels left.
You didn't know any spells.
Your spell library contained the following spells:

 Spells                   Type           Power        Failure   Level  Hunger
 Corona                   Hex            ##.....      3%          1    ##.....
 Ensorcelled Hibernation  Hex/Ice        ##....       5%          2    ###....
 Confuse                  Hex            ##......     10%         3    ####...
 Dazzling Spray           Conj/Hex       ##....       10%         3    ####...
 Tukima's Dance           Hex            ##......     10%         3    ####...


Dungeon Overview and Level Annotations

Branches:
Dungeon (4/15)
 Temple: D:4-7

Altars:
Makhleb


Innate Abilities, Weirdness & Mutations

You have a beak for a mouth.
You have claws for feet.
You can fly.


Message History

Your white imp freezes the orc.
The orc dies!
It was a potion of ambrosia.
You are confused.
You feel invigorated.
The giant cockroach closely misses your iron imp.
Your iron imp hits the giant cockroach!
The giant cockroach dies!
The orc priest calls down the wrath of Beogh upon you.
Beogh smites you!
* * * LOW HITPOINT WARNING * * *
The orc priest closely misses you.
The orc priest hits you with a +1 mace of protection.
* * * LOW HITPOINT WARNING * * *
An orc comes into view. It is wielding a +0 morningstar.
Your white imp hits the orc priest.
Your white imp freezes the orc priest.
Your iron imp barely misses the orc priest.
The orc priest hits you with a +0 mace.
You die... "I guess I need a new plaything now."

##..#.............
#................#
#.........<..o...#
#....)...........#
#....#....b........
###.###.b..#..!....
## #.5†##....#..
##oo5#.>...# .
#5@5........#
#.55.#.....##
##..[#....
#.#...... #####...#
###


You could see 2 orc priests, an orc, a friendly iron imp, a friendly crimson
imp, 3 friendly white imps and a friendly shadow imp.

Vanquished Creatures
  2 bullfrogs (Sewer)
  Natasha (D:3)
  10 adders
  A worm (D:2)
  9 leopard geckos
  14 orcs
  3 ball pythons
  8 bats
  8 giant cockroaches
  8 goblins
  9 hobgoblins
  6 jackals (D:2)
  11 frilled lizards
  5 kobolds
  7 rats
102 creatures vanquished.

Vanquished Creatures (collateral kills)
  An orc (D:4)
  A giant cockroach (D:4)
  A rat (D:2)
3 creatures vanquished.

Vanquished Creatures (others)
  Natasha (D:3)
  2 orcs (D:3)
3 creatures vanquished.

Grand Total: 108 creatures vanquished

Notes
Turn   | Place    | Note
-------+----------+-------------------------------------------
     0 | D:1      | Lanoc the Tengu Chaos Knight began the quest for the Orb.
     0 | D:1      | Reached XP level 1. HP: 14/14 MP: 2/2
    47 | D:1      | Reached XP level 2. HP: 10/19 MP: 3/3
   189 | D:1      | XOM: harmless Summ miscast
   352 | D:1      | XOM: harmless Summ miscast
   513 | D:1      | Reached XP level 3. HP: 23/23 MP: 4/4
   670 | D:2      | Reached skill level 4 in Long Blades
   688 | D:2      | Reached XP level 4. HP: 16/28 MP: 5/5
   690 | D:2      | XOM: potion effect (might)
   770 | D:2      | XOM: divination: detect creatures
   782 | D:2      | XOM: divination: detect creatures
   816 | D:2      | XOM: harmless Tloc miscast
   839 | D:2      | XOM: divination: magic mapping
   844 | D:2      | XOM: harmless Chrm miscast
   977 | D:2      | Gained mutation: You can fly. [Tengu growth]
   977 | D:2      | Reached XP level 5. HP: 23/33 MP: 6/6
  1175 | D:3      | Found a faded altar of an unknown god.
  1254 | D:3      | XOM: cloud trail
  1316 | D:3      | Noticed Natasha
  1321 | D:3      | XOM: divine lightning
  1329 | D:3      | Killed Natasha
  1329 | D:3      | XOM: destruction
  1365 | D:3      | Found a glowing drain.
  1387 | D:3      | XOM: 4-stop teleportation journey
  1481 | Sewer    | Entered a sewer
  1539 | Sewer    | Reached skill level 5 in Long Blades
  1539 | Sewer    | Reached XP level 6. HP: 24/38 MP: 7/7
  1805 | Sewer    | XOM: scenery: create altars
  2119 | D:3      | Found a burning altar of Makhleb.
  2214 | D:3      | Noticed Natasha
  2226 | D:3      | XOM: cast spell 'Alistair's Intoxication'
  2233 | D:3      | Killed Natasha
  2281 | D:4      | XOM: butterfly on damage
  2288 | D:4      | XOM: summons 6 friendly demons
  2292 | D:4      | HP: 1/38 [orc priest/+1 mace of protection (6)]
  2292 | D:4      | Slain by an orc priest

Vault maps used:
D:1:      saegor_arrival_miasma
D:3:      bloody_makhleb, chequers_ecumenical_altar_island,
          portal_sewer_entry_d, first_ration, st_stairs_14, uniq_natasha
D:4:      nicolae_overflow_crystal_walls, serial_shops, shop,
          kennysheep_generic_room_11, uniq_blork_the_orc
Sewer:    sewer_frog_island_01

Skill      XL: |  1  2  3  4  5  6 |
---------------+-------------------+-----
Long Blades    | 4 5 |  5.5
Dodging        | 2 3 |  3.2
Armour         | 3 |  3.8
Fighting       | 4 |  4.2

Action                   |  1- 3 |  4- 6 || total
-------------------------+-------+-------++-------
Melee: Falchion          |    70 |   140 ||   210
       Kick              |    17 |    38 ||    55
       Peck              |    13 |    28 ||    41
 Abil: Fly               |       |     5 ||     5
  Use: Scroll            |       |     5 ||     5
       Potion            |       |     2 ||     2
 Stab: Sleeping          |       |     1 ||     1
  Eat: Chunk             |       |     6 ||     6
Armor: Leather armour    |    29 |    43 ||    72
Dodge: Dodged            |    44 |   113 ||   157
       Rpst.: Falchion   |    14 |    43 ||    57

Table legend:
 A = Non-vault XP
 B = Vault XP
 C = Vault XP percentage of total XP
 D = Non-vault monster count
 E = Vault monster count
 F = Vault count percentage of total count
                 A         B        C        D         E       F
            +---------+---------+-------+---------+---------+-------
      Total |     286 |     233 |  44.9 |      84 |      21 |  20.0
            +---------+---------+-------+---------+---------+-------
        D:1 |      44 |       0 |   0.0 |      23 |       0 |   0.0
        D:2 |     127 |       0 |   0.0 |      37 |       0 |   0.0
        D:3 |     103 |      13 |  11.2 |      19 |       1 |   5.0
        D:4 |      12 |       0 |   0.0 |       5 |       0 |   0.0
      Sewer |       0 |     220 | 100.0 |       0 |      20 | 100.0
            +---------+---------+-------+---------+---------+-------
